AoeStats
← Raman583

Nomad

503115190Analyzed
2v2 RM · 1mo ago on Aug 30, 2026· 39m 50s· 4 players
Game mode
Random Map
Map size
176×176
Population
200
Speed
Normal
Resources
Standard
Victory
Conquest
Starting age
Dark Age
Ending age
Imperial Age
RankedLock teamsTeams togetherTeam positionsShared explorationLock speedFull tech treeHidden civsTurbo modeCheats
Victory
Defeat
🇩🇪 Italians · Germany
824
+12
🇩🇪 Franks · Germany
814
+12
🇪🇨 Spanish · Ecuador
770
-14
🇩🇪 Teutons · Germany
694
-10
ChrisTiA87
13:47 Feudal Age
15:28 Wheelbarrow
14:41 Double-Bit Axe
14:40 Horse Collar
17:57 Bloodlines
20:39 Gold Mining
20:38 Arson
21:24 Stone Mining
26:41 Castle Age
25:04 Scale Barding Armor
27:30 Heavy Plow
27:45 Bow Saw
28:15 Stone Shaft Mining
27:35 Demolition Ship
28:31 Medium Warships
29:39 Hand Cart
28:53 Crossbowman
31:13 Scale Mail Armor
39:01 Pikeman
Raman583
Benninator
6:09 Loom
17:01 Feudal Age
18:05 Double-Bit Axe
22:19 Gold Mining
22:24 Stone Mining
25:34 Forging
25:31 Scale Barding Armor
27:39 Castle Age
26:20 Fletching
28:49 Husbandry
31:06 Wheelbarrow
30:17 Town Watch
33:16 Fishing Lines
33:49 Medium Warships
33:26 Demolition Ship
36:00 Iron Casting
35:46 Chain Barding Armor
37:02 Bodkin Arrow
37:27 Gillnets
42:05 Imperial Age
osmanaktas6858
5:51 Loom
16:01 Feudal Age
17:14 Double-Bit Axe
24:09 Castle Age
25:33 Bow Saw
27:18 Stone Mining
27:19 Gold Mining
28:18 Medium Warships
34:47 Imperial Age
32:57 Wheelbarrow
33:00 Fletching
33:11 Padded Archer Armor
34:14 Ballistics
36:37 Chemistry
Connection lost

Rejoining the realm…

Still unreachable

The connection could not be restored.

Session expired

The server has moved on; the page needs a fresh start.